Map: Ulrena

Players

zidar

  • Race: Zerg Zerg
  • League: Silver
  • Spawn Location: 11:00

ViolentVik - Winner!

  • Race: Zerg Zerg
  • League: Platinum
  • Spawn Location: 7:00

VOD

Have the link to the VOD?

Description

Time

  • Played on: Dec. 28, 2015, 9:32 a.m.
  • Length: 3:25
Show
View Real Time Build Order
Export as new Build Order

zidar Zerg 

Build Orders: Pool Only 

Get SALT Encoding   

  12  0:02  Drone  
  13  0:20  Extractor  
  12  0:23  Drone  
  13  0:29  Spawning Pool  
  13  0:33  Drone  
  13  0:37  Drone  
  14  0:46  Overlord  
  14  1:15  Queen  
  16  1:20  Zergling x2  
  16  1:21  Zergling x2, Metabolic Boost  
  18  1:29  Zergling x2  
  19  1:46  Zergling x4  
  21  1:54  Overlord  
  21  2:05  Zergling x2  
  22  2:15  Zergling x2  
  23  2:26  Zergling x4  
  23  2:27  Zergling x2  
  26  2:49  Zergling x2  
  26  2:50  Zergling x2  
  22  3:08  Zergling x2  
Show
View Real Time Build Order
Export as new Build Order

ViolentVik Zerg - Winner!

Build Orders: 1 Base Baneling Bust, Pool Only 

Get SALT Encoding   

  12  0:01  Drone  
  13  0:23  Spawning Pool  
  13  0:26  Drone  
  13  0:35  Extractor  
  12  0:36  Drone x2  
  14  0:45  Overlord  
  14  1:04  Drone x2  
  16  1:10  Queen  
  18  1:16  Drone  
  19  1:25  Drone  
  20  1:34  Drone  
  20  1:36  Metabolic Boost  
  21  1:42  Overlord  
  21  1:58  Zergling x2  
  22  2:02  Baneling Nest  
  22  2:03  Drone  
  22  2:19  Zergling x2  
  22  2:20  Zergling x6  
  26  2:34  Zergling x2  
  26  2:58  Zergling x2  
  26  2:59  Zergling x6  
  25  3:17  Spine Crawler  
Tags
 
Add a new tag
Caveats
  • Supply blocks, unpowered buildings, or Contaminate may cause inaccurate times.
  • Supply counts are checked every 10 seconds.